 Dungeon Sprint DCSS version 0.19-a0-1401-g902f63d (webtiles) character file.

1457 poirepourri the Warrior (level 8, -8/93 HPs)
             Began as a Hill Orc Fighter on Sept 4, 2016.
             Was an Elder of Qazlal.
             Mangled by a 14-headed hydra (10 damage)
             ... in the Dungeon (Sprint IX: "|||||||||||||||||||||||||||||").
             The game lasted 00:02:04 (1247 turns).

poirepourri the Warrior (Hill Orc Fighter)          Turns: 1247, Time: 00:02:05

Health: -8/93      AC: 15    Str: 21    XL:     8   Next: 76%
Magic:  8/8        EV:  5    Int: 11    God:    Qazlal [****..]
Gold:   15         SH: 14    Dex: 10    Spells: 0 memorised, 7 levels left

rFire  . . .     SeeInvis .     u - +7 war axe (freeze)
rCold  . . .     Gourm    .     r - +0 plate armour
rNeg   . . .     Faith    .     c - +0 shield
rPois  .         Spirit   .     (no helmet)
rElec  .         Dismiss  .     (no cloak)
rCorr  .         Reflect  .     t - +0 pair of gloves
MR     .....     Harm     .     s - +0 pair of boots
Stlth  .......... NoTele   +    (no amulet)
                                q - +3 ring of intelligence
                                p - +2 ring of protection

@: repel missiles
A: no striking features
a: Upheaval, Elemental Force, Renounce Religion


You were in the Dungeon.
You worshipped Qazlal.
Qazlal was greatly pleased with you.
You were not hungry.

You visited 1 branch You collected 15 gold pieces.

Inventory:

Hand Weapons
 a - a +0 war axe
 u - a +7 war axe of freezing (weapon)
Armour
 b - a +0 scale mail
 c - a +0 shield (worn)
 r - a +0 plate armour (worn)
 s - a +0 pair of boots (worn)
 t - a +0 pair of gloves (worn)
Jewellery
 p - a +2 ring of protection (left hand)
 q - a +3 ring of intelligence (right hand)
Wands
 o - a wand of acid (7/15)
Scrolls
 k - 3 scrolls of blinking
 m - 3 scrolls of remove curse
 n - 2 scrolls of amnesia
 w - a scroll of identify
 x - a scroll of fog
Potions
 d - a potion of might
 e - a potion of invisibility
 f - a potion of brilliance
 g - 6 potions of heal wounds
 h - a potion of haste
 i - 4 potions of magic
 j - 2 potions of berserk rage
 l - 5 potions of curing


   Skills:
 + Level 16.1 Fighting
 + Level 14.2 Axes
 - Level 3.2 Armour
 + Level 4.7 Dodging
 - Level 3.2 Shields


You had 7 spell levels left.
You didn't know any spells.

Dungeon Overview and Level Annotations

Branches:
Dungeon (1/1)

Altars:
Cheibriados
Dithmenos
Elyvilon
Fedhas
Gozag
Hepliaklqana
Kikubaaqudgha
Makhleb
Nemelex Xobeh
Okawaru
Qazlal
Ru
Sif Muna
Trog
Uskayaw
Vehumet
Xom
Yredelemnul
Zin
The Shining One
Beogh
Jiyva
Lugonu


Message History

You block the 12-headed hydra's attack. x2
You chop one of the 12-headed hydra's heads off!
The 11-headed hydra grows two more!
You slash the 13-headed hydra! You freeze the 13-headed hydra.
The 13-headed hydra is severely wounded.
Unknown command.
You lop one of the 13-headed hydra's heads off!
The 12-headed hydra grows two more!
You slash the 14-headed hydra!
The 14-headed hydra seems to slow down.
You freeze the 14-headed hydra.
The 14-headed hydra is severely wounded.
You block the 14-headed hydra's attack. The 14-headed hydra bites you!
* * * LOW HITPOINT WARNING * * *
The 14-headed hydra bites you.
* * * LOW HITPOINT WARNING * * *
You block the 14-headed hydra's attack. x2
The 14-headed hydra bites you but does no damage. x2
The 14-headed hydra bites you!
* * * LOW HITPOINT WARNING * * *
The 14-headed hydra bites you!
You die...

▓.▓.▓.▓
▓.▓.▓)▓
▓.▓.▓.▓
▓'▓.▓.▓
▓_▓.▓.▓
▓_▓.▓.▓
▓_▓.▓.▓
▓_▓.▓.▓
▓_▓.▓@▓
▓_▓.▓D▓
▓_▓.▓t▓
▓_▓.▓r▓
▓_▓.▓r▓
▓_▓.▓t▓
▓_▓.▓t▓
▓_▓.▓.▓
▓_▓.▓


You could see a 14-headed hydra, 3 crocodiles, a porcupine and a river rat.

Vanquished Creatures
  A spiny frog (D)
  A two-headed ogre (D)
  2 hippogriffs (D)
  A porcupine (D)
  An orc warrior (D)
  An ogre (D)
  A sky beast (D)
  A phantom (D)
  2 killer bees (D)
  A crimson imp (D)
  A howler monkey (D)
  A hound (D)
  2 worker ants (D)
  An adder (D)
  2 dart slugs (D)
  An orc (D)
  A bat skeleton (D)
  2 kobolds (D)
  A quokka (D)
  A rat (D)
25 creatures vanquished.

Notes
Turn   | Place    | Note
-------+----------+-------------------------------------------
     0 | D        | poirepourri the Hill Orc Fighter began the quest for the Orb.
     0 | D        | Reached XP level 1. HP: 19/19 MP: 1/1
     5 | D        | Reached skill level 4 in Fighting
    11 | D        | Reached skill level 5 in Fighting
    14 | D        | Reached XP level 2. HP: 27/29 MP: 2/2
    28 | D        | Noticed a howler monkey
    35 | D        | Killed a howler monkey
    35 | D        | Reached skill level 7 in Fighting
    35 | D        | Reached skill level 5 in Axes
    35 | D        | Reached skill level 1 in Dodging
    35 | D        | Reached XP level 3. HP: 31/39 MP: 3/3
    43 | D        | Reached skill level 8 in Fighting
    43 | D        | Reached XP level 4. HP: 30/49 MP: 4/4
    50 | D        | Reached skill level 9 in Fighting
   277 | D        | Found a roughly hewn altar of Beogh.
   277 | D        | Found a snail-covered altar of Cheibriados.
   277 | D        | Found a shadowy altar of Dithmenos.
   277 | D        | Found a white marble altar of Elyvilon.
   277 | D        | Found a blossoming altar of Fedhas.
   277 | D        | Found an opulent altar of Gozag.
   278 | D        | Found a hazy altar of Hepliaklqana.
   279 | D        | Found a viscous altar of Jiyva.
   280 | D        | Found an ancient bone altar of Kikubaaqudgha.
   283 | D        | Found a corrupted altar of Lugonu.
   284 | D        | Found a burning altar of Makhleb.
   285 | D        | Found a sparkling altar of Nemelex Xobeh.
   286 | D        | Found an iron altar of Okawaru.
   287 | D        | Found a stormy altar of Qazlal.
   296 | D        | Found a sacrificial altar of Ru.
   297 | D        | Found a deep blue altar of Sif Muna.
   298 | D        | Found a bloodstained altar of Trog.
   299 | D        | Found a hide-covered altar of Uskayaw.
   300 | D        | Found a radiant altar of Vehumet.
   313 | D        | Found a shimmering altar of Xom.
   314 | D        | Found a basalt altar of Yredelemnul.
   315 | D        | Found a glowing silver altar of Zin.
   316 | D        | Found a glowing golden altar of the Shining One.
   329 | D        | Became a worshipper of Qazlal Stormbringer
   466 | D        | Noticed an ogre
   466 | D        | Noticed a sky beast
   475 | D        | Reached skill level 10 in Fighting
   475 | D        | Reached XP level 5. HP: 40/59 MP: 5/5
   488 | D        | Reached skill level 11 in Fighting
   489 | D        | Reached * piety under Qazlal
   489 | D        | Reached XP level 6. HP: 43/68 MP: 6/6
   495 | D        | Reached skill level 12 in Fighting
   500 | D        | Killed a sky beast
   500 | D        | Reached ** piety under Qazlal
   500 | D        | Reached skill level 13 in Fighting
   500 | D        | Reached skill level 10 in Axes
   732 | D        | Noticed an orc warrior
   732 | D        | Noticed a hippogriff
   732 | D        | Noticed a two-headed ogre
   732 | D        | Noticed a phantom
   738 | D        | Killed an orc warrior
   738 | D        | Reached XP level 7. HP: 49/79 MP: 7/7
   752 | D        | Killed a hippogriff
   752 | D        | Reached *** piety under Qazlal
   752 | D        | Reached skill level 14 in Fighting
   756 | D        | HP: 3/81 [two-headed ogre/giant spiked club (11)]
   758 | D        | Killed a two-headed ogre
   758 | D        | Reached XP level 8. HP: 3/90 MP: 8/8
   761 | D        | Reached skill level 15 in Fighting
  1227 | D        | Noticed a spiny frog
  1229 | D        | Noticed a six-headed hydra
  1232 | D        | Killed a spiny frog
  1234 | D        | Reached **** piety under Qazlal
  1236 | D        | Reached skill level 16 in Fighting
  1247 | D        | HP: 2/93 [14-headed hydra (11)]
  1247 | D        | Mangled by a 14-headed hydra

Vault maps used:
D:        linesprint

Skill      XL: |  1  2  3  4  5  6  7  8 |
---------------+-------------------------+-----
Fighting       | 5 7 8 10 11 13 14 16 | 16.1
Axes           | 3 5 6 7 9 11 12 14 | 14.2
Dodging        | 1 2 3 4 |  4.7
Armour         | |  3.2
Shields        | |  3.2

Action                   |  1- 3 |  4- 6 |  7- 9 || total
-------------------------+-------+-------+-------++-------
Melee: War axe           |    25 |    60 |    40 ||   125
  Use: Potion            |       |     2 |       ||     2
       Scroll            |       |       |     4 ||     4
  Eat: Bread ration      |       |       |     1 ||     1
Armor: Scale mail        |     8 |     6 |       ||    14
       Plate armour      |       |    30 |    34 ||    64
Dodge: Dodged            |     6 |    17 |     8 ||    31
Block: Shield            |    11 |    25 |    35 ||    71
